 Dungeon Crawl Stone Soup version 0.31-a0-263-ge8cad7f256 (webtiles) character file.

Game seed: 4662343487941603932

48 qw the Shooter (level 3, -3/29 HPs)
             Began as a Minotaur Hexslinger on July 13, 2023.
             Slain by a kobold
             ... wielding a +0 whip
              (5 damage)
             ... on level 2 of the Dungeon.
             The game lasted 00:00:23 (775 turns).

qw the Shooter (Minotaur Hexslinger)                 Turns: 775, Time: 00:00:24

Health: -3/29      AC:  2    Str: 12    XL:     3   Next: 50%
Magic:  3/3        EV: 12    Int: 10    God:
Gold:   66         SH:  0    Dex: 14    Spells: 3/4 levels left

rFire   . . .        Y - +1 sling
rCold   . . .        (no shield)
rNeg    . . .        c - +0 robe
rPois   .            (helmet restricted)
rElec   .            (no cloak)
rCorr   .            (no gloves)
SInv    .            (no boots)
Will    .....        (no amulet)
Stlth   +            (no ring)
HPRegen 0.24/turn    (no ring)
MPRegen 0.08/turn

%: no passive effects
@: no status effects
A: horns 2, retaliatory headbutt
a: no special abilities


You were on level 2 of the Dungeon.
You visited 1 branch of the dungeon, and saw 2 of its levels.

You collected 66 gold pieces.


Innate Abilities, Weirdness & Mutations

You have a pair of horns on your head.
You reflexively headbutt those who attack you in melee.


   Skills:
 - Level 2.0 Fighting
 + Level 4.0 Ranged Weapons
 - Level 2.1 Dodging
 - Level 1.0 Spellcasting
 - Level 2.0 Hexes


You had 3 spell levels left.
You knew the following spells:

 Your Spells              Type           Power      Damage    Failure   Level
a - Slow                  Hex            16%        N/A       16%         1

Your spell library contained the following spells:

 Spells                   Type           Power      Damage    Failure   Level
 Inner Flame              Hex/Fire       2%         N/A       56%         3
 Portal Projectile        Hex/Tloc       4%         N/A       56%         3
 Cause Fear               Hex            2%         N/A       83%         4

Inventory:

Hand Weapons
 Y - a +1 sling (weapon)
Armour
 c - a +0 robe (worn)
Jewellery
 k - a ring of fire
Scrolls
 e - a scroll of identify
Potions
 a - a potion of curing {unknown}
 h - a potion of mutation

Dungeon Overview and Level Annotations

Branches:
Dungeon (2/15)

Altars:

Annotations:
D:2 Terence


Message History

You shoot a sling bullet.
The sling bullet hits Terence but does no damage.
Terence is lightly wounded.
The kobold hits you with a +0 whip. Terence barely misses you.
You furiously retaliate!
You headbutt Terence. You shoot a sling bullet.
The sling bullet hits Terence but does no damage.
Terence is lightly wounded.
The kobold closely misses you. Terence misses you.
You shoot a sling bullet.
The sling bullet hits Terence but does no damage.
Terence is lightly wounded.
The kobold closely misses you. Terence hits you with a +0 short sword.
You shoot a sling bullet.
The sling bullet hits Terence but does no damage.
Terence is lightly wounded.
The kobold hits you with a +0 whip. Terence misses you.
The kobold barely misses you. Terence closely misses you.
You furiously retaliate!
You headbutt Terence! You shoot a sling bullet. The sling bullet hits Terence.
Terence is severely wounded.
The kobold hits you with a +0 whip. Terence closely misses you.
You shoot a sling bullet. The sling bullet hits Terence.
Terence is almost dead.
The kobold hits you with a +0 whip. Terence closely misses you.
You shoot a sling bullet. The sling bullet hits Terence.
Terence is almost dead.
The kobold barely misses you. Terence barely misses you.
You shoot a sling bullet.
The sling bullet completely misses Terence.
The kobold barely misses you. You furiously retaliate!
You headbutt the kobold. Terence hits you but does no damage.
You shoot a sling bullet.
The sling bullet hits Terence but does no damage.
Terence is almost dead.
The bat misses you. You furiously retaliate!
You headbutt the bat.
You kill the bat!
The kobold misses you. Terence completely misses you.
The kobold hits you with a +0 whip.
You die...

...#....#....###......# #
.###....#.............#####
...###....#.............<...#
...............###.#....###.....
.#####....###### #....... )..
.....%##### #....#### .
.......####### ###...##
.............###.%..#
##########......@@..#
...#...##....K...#
...........#####...#
...........# .... ##.........#
... ...........# .. ...........#
. ###......... #####...###


You could see Terence and a kobold.

Vanquished Creatures
  2 adders (D:2)
  A dart slug (D:1)
  5 ball pythons
  3 bats
  2 endoplasms (D:1)
  3 giant cockroaches (D:1)
  A goblin (D:1)
  2 hobgoblins
  2 quokkas (D:1)
  3 frilled lizards (D:1)
  4 rats
28 creatures vanquished.

Notes
Turn   | Place    | Note
-------+----------+-------------------------------------------
     0 | D:1      | qw the Minotaur Hexslinger began the quest for the Orb.
     0 | D:1      | Reached XP level 1. HP: 16/16 MP: 1/1
     0 | D:1      | 0 ||| qw: Version: 0.3-a-52-g30416fa
     0 | D:1      | 0 ||| qw: Game counter: 7419
     0 | D:1      | 0 ||| qw: Melee chars always use a shield: true
     0 | D:1      | 0 ||| qw: God list: Okawaru
     0 | D:1      | 0 ||| qw: Allow faded altars: false
     0 | D:1      | 0 ||| qw: Do Orc after clearing Dungeon:15 true
     0 | D:1      | 0 ||| qw: Do second Lair branch before Depths: true
     0 | D:1      | 0 ||| qw: Lair rune preference: random
     0 | D:1      | 0 ||| qw: Goals: Normal
     0 | D:1      | 0 ||| PLANNING D:1-11
    52 | D:1      | HP: 3/16 [frozen (2)]
   168 | D:1      | Reached skill level 3 in Ranged Weapons
   192 | D:1      | HP: 4/16 [quokka (3)]
   195 | D:1      | Reached XP level 2. HP: 7/23 MP: 2/2
   585 | D:1      | 585 ||| READING scroll labelled INTAWE XIAG.
   586 | D:1      | 586 ||| READING 4 scrolls labelled KOTONLOJAURPH.
   587 | D:1      | 587 ||| READING scroll labelled FEPTYEPP GYRAE.
   588 | D:1      | 588 ||| READING scroll labelled ROOXEI BEYFOAQ.
   592 | D:1      | 592 ||| READING scroll labelled HANOJU LAXACW.
   593 | D:1      | 593 ||| READING 3 scrolls of identify.
   593 | D:1      | 593 ||| IDENTIFYING metallic brown potion
   594 | D:1      | 594 ||| READING 2 scrolls of identify.
   594 | D:1      | 594 ||| IDENTIFYING blue potion
   595 | D:1      | 595 ||| DROPPING scroll of poison.
   596 | D:1      | 596 ||| DROPPING potion of degeneration.
   618 | D:2      | Reached XP level 3. HP: 29/29 MP: 3/3
   677 | D:2      | Reached skill level 4 in Ranged Weapons
   755 | D:2      | Noticed Terence
   770 | D:2      | HP: 6/29 [kobold/+0 whip (2)]
   772 | D:2      | HP: 1/29 [kobold/+0 whip (5)]
   775 | D:2      | Slain by a kobold

Levels and vault maps discovered:
D:1:      dpeg_arrival_round_a, layout_rooms
D:2:      layout_rooms, uniq_terence, uniq_sigmund, uniq_crazy_yiuf_cottage

Skill      XL: |  1  2  3 |
---------------+----------+-----
Ranged Weapons | 3 4 |  4.0
Fighting       | 2 |  2.0
Dodging        | |  2.1
Spellcasting   | |  1.0
Hexes          | |  2.0

Action                     || total
---------------------------++-------
   Fire: Sling             ||    93
    Use: Scroll            ||     7
 Armour: Robe              ||     7
  Dodge: Dodged            ||    49

Table legend:
 A = Non-vault XP
 B = Vault XP
 C = Vault XP percentage of total XP
 D = Non-vault monster count
 E = Vault monster count
 F = Vault count percentage of total count
                 A         B        C        D         E       F
            +---------+---------+-------+---------+---------+-------
      Total |      70 |       0 |   0.0 |      28 |       0 |   0.0
            +---------+---------+-------+---------+---------+-------
        D:1 |      34 |       0 |   0.0 |      20 |       0 |   0.0
        D:2 |      36 |       0 |   0.0 |       8 |       0 |   0.0
            +---------+---------+-------+---------+---------+-------
